 Dungeon Crawl Stone Soup version 0.28.0 (webtiles) character file.

Game seed: 9203505822888445685

724 Minsecho the Chiller (level 7, -1/51 HPs)
             Began as a Merfolk Ice Elementalist on Feb 6, 2022.
             Slain by a two-headed ogre (24 damage)
             ... on level 5 of the Dungeon.
             The game lasted 00:06:00 (5743 turns).

Minsecho the Chiller (Merfolk Ice Elementalist)     Turns: 5743, Time: 00:06:01

Health: -1/51      AC:  9    Str: 10    XL:     7   Next: 71%
Magic:  5/13       EV: 13    Int: 14    God:
Gold:   158        SH:  0    Dex: 15    Spells: 7/14 levels left

rFire   . . .      SeeInvis .   i - +0 spear (venom)
rCold   . . .      Faith    .   (no shield)
rNeg    . . .      Spirit   .   a - +0 robe
rPois   .          Reflect  .   (no helmet)
rElec   .          Harm     .   c - +0 cloak
rCorr   .          Rampage  .   (no gloves)
Will    .....                   (no boots)
Stlth   ++........              (no amulet)
HPRegen 0.17/turn               (no ring)
MPRegen 0.13/turn               (no ring)

@: ice-armoured
A: (nimble swimmer 2), mertail
a: no special abilities


You were on level 5 of the Dungeon.
You visited 1 branch of the dungeon, and saw 5 of its levels.

You collected 188 gold pieces.
You spent 30 gold pieces at shops.

Inventory:

Hand Weapons
 e - a +0 short sword
 f - a +4 short sword
 i - a +0 spear of venom (weapon)
Armour
 a - a +0 robe (worn)
 c - a +0 cloak (worn)
Jewellery
 k - a ring of fire
Scrolls
 b - 3 scrolls of identify {unknown}
 d - a scroll of silence {unknown}
 j - 2 scrolls of immolation {unknown}
 m - a scroll of amnesia {unknown}
 n - a scroll of summoning {unknown}
 r - 3 scrolls of fog {unknown}
 s - a scroll of enchant weapon {unknown}
 t - a scroll of brand weapon {unknown}
 v - a scroll of teleportation {unknown}
Potions
 g - 2 potions of haste
 h - a potion of curing
 l - a potion of heal wounds {unknown}
 o - 2 potions of flight {unknown}
 p - 2 potions of brilliance {unknown}
 q - a potion of resistance {unknown}
 u - a potion of cancellation {unknown}
 w - a potion of invisibility {unknown}
 x - 2 potions of degeneration {unknown}


   Skills:
 + Level 2.8 Fighting
 + Level 5.4 Polearms
 + Level 4.3 Dodging
 - Level 2.5 Stealth
 + Level 0.1 Unarmed Combat
 + Level 4.2 Spellcasting
 + Level 6.4 Ice Magic


You had 7 spell levels left.
You knew the following spells:

 Your Spells              Type           Power      Damage    Failure   Level
a - Freeze                Ice            80%        1d9       1%          1
b - Frozen Ramparts       Ice            40%        1d6       4%          3
c - Ozocubu's Armour      Ice            20%        N/A       4%          3

Your spell library contained the following spells:

 Spells                   Type           Power      Damage    Failure   Level
 Pain                     Necr           8%         1d4       19%         1
 Hailstorm                Conj/Ice       11%        3d5       45%         4
 Stone Arrow              Conj/Erth      4%         3d7       50%         3
 Animate Armour           Summ/Erth      4%         N/A       88%         4
 Agony                    Necr           2%         N/A       99%         5
 Excruciating Wounds      Necr           1%         N/A       99%         5
 Lehudib's Crystal Spear  Conj/Erth      1%         10d2      100%        8


Dungeon Overview and Level Annotations

Branches:
Dungeon (5/15)
 Temple: D:4-7

Altars:
Cheibriados
Dithmenos
Okawaru
Wu Jian

Shops:
D:1 !


Innate Abilities, Weirdness & Mutations

((You are very nimble when in or above water. (Stealth+, EV+, Speed+++)))
Your lower body shifts to a powerful aquatic tail in water.


Message History

Aim: a two-headed ogre, wielding a +0 giant spiked club and a +0 giant club (lightly wounded, about 23% to evade your +0 spear of venom)
You hit the two-headed ogre.
The two-headed ogre is poisoned.
The two-headed ogre is lightly wounded.
The wall freezes the two-headed ogre.
The two-headed ogre hits you with a +0 giant spiked club!
The two-headed ogre barely misses you.
Reach: i) +0 spear (venom)
Press: ? - help, Dir - move target, f/p - two-headed ogre
Aim: a two-headed ogre, wielding a +0 giant spiked club and a +0 giant club (moderately wounded, very poisoned, about 23% to evade your +0 spear of venom)
You barely miss the two-headed ogre.
The two-headed ogre is moderately wounded.
The wall freezes the two-headed ogre.
The two-headed ogre hits you with a +0 giant spiked club!
The two-headed ogre misses you.
Reach: i) +0 spear (venom)
Press: ? - help, Dir - move target, f/p - two-headed ogre
Aim: a two-headed ogre, wielding a +0 giant spiked club and a +0 giant club (moderately wounded, very poisoned, about 23% to evade your +0 spear of venom)
You hit the two-headed ogre.
The two-headed ogre looks as sick as possible!
The two-headed ogre is heavily wounded.
You are too injured to fight recklessly!
Casting: Ozocubu's Armour (dangerous; 4% risk of failure)
Confirm with . or Enter, or press ? or * to list all spells.
Aiming: Freeze (safe; 1% risk of failure)
Press: ? - help, Shift-Dir - straight line, f/p - two-headed ogre
Aim: a two-headed ogre, wielding a +0 giant spiked club and a +0 giant club (heavily wounded, extremely poisoned)
You freeze the two-headed ogre.
The two-headed ogre is heavily wounded.
The wall freezes the two-headed ogre.
The two-headed ogre closely misses you. The two-headed ogre misses you.
Casting: Freeze (safe; 1% risk of failure)
Confirm with . or Enter, or press ? or * to list all spells.
Aiming: Freeze (safe; 1% risk of failure)
Press: ? - help, Shift-Dir - straight line, f/p - two-headed ogre
Aim: a two-headed ogre, wielding a +0 giant spiked club and a +0 giant club (severely wounded, extremely poisoned)
You freeze the two-headed ogre.
The two-headed ogre is severely wounded.
The frozen ramparts melt away.
The two-headed ogre hits you with a +0 giant spiked club!!
You die...

# ###+######.#
.....>.....# ##
............# ##.+
...........O.. ...#
...........##.###..#
.....######....O@..##
.....#....#.........######
.....'....#.......#.......
.....#†...#.............#
.....#....########......#
>#####...........#......#
.+...............'..(...#
.#........##+#####......#
.#..##....# .......#


You could see a two-headed ogre (extremely poisoned).

Vanquished Creatures
  An ogre (D:4)
  A phantom (D:4)
  A bullfrog (D:4)
  Blork the orc (D:3)
  A scorpion (D:5)
  A water moccasin zombie (D:5)
  A howler monkey (D:3)
  A hound (D:5)
  3 iguanas
  A hound skeleton (D:4)
  A howler monkey zombie (D:5)
  5 adders
  5 dart slugs
  12 orcs
  3 ball pythons
  3 bats (D:1)
  8 endoplasms
  2 giant cockroaches
  6 goblins
  7 hobgoblins
  4 jackals (D:3)
  9 kobolds
  2 quokkas (D:1)
  11 rats
90 creatures vanquished.

Notes
Turn   | Place    | Note
-------+----------+-------------------------------------------
     0 | D:1      | Minsecho the Merfolk Ice Elementalist began the quest for
                  | the Orb.
     0 | D:1      | Reached XP level 1. HP: 13/13 MP: 3/3
   165 | D:1      | Reached XP level 2. HP: 19/19 MP: 0/5
   565 | D:1      | Found Fedworie's Distillery.
   571 | D:1      | Reached XP level 3. HP: 17/24 MP: 3/6
   576 | D:1      | Bought a potion of curing for 30 gold pieces
   835 | D:1      | Learned a level 3 spell: Frozen Ramparts
  1302 | D:2      | Found an iron altar of Okawaru.
  1358 | D:2      | Reached skill level 5 in Ice Magic
  1550 | D:2      | Reached XP level 4. HP: 29/31 MP: 7/7
  1556 | D:2      | Learned a level 3 spell: Ozocubu's Armour
  1989 | D:3      | Reached skill level 1 in Polearms
  2805 | D:3      | Found a faded altar of an unknown god.
  2891 | D:3      | Found an ornate altar of the Wu Jian Council.
  2891 | D:3      | Found a snail-covered altar of Cheibriados.
  3165 | D:4      | Reached skill level 1 in Fighting
  3165 | D:4      | Reached XP level 5. HP: 37/37 MP: 9/9
  3443 | D:4      | Noticed a phantom
  3453 | D:4      | Noticed Blork the orc
  3467 | D:3      | Killed Blork the orc
  3720 | D:3      | Reached XP level 6. HP: 12/44 MP: 6/10
  4288 | D:4      | Reached skill level 6 in Ice Magic
  4288 | D:4      | Reached XP level 7. HP: 31/50 MP: 7/12
  4662 | D:5      | Entered Level 5 of the Dungeon
  4668 | D:5      | Found a shadowy altar of Dithmenos.
  5208 | D:5      | Reached skill level 5 in Polearms
  5552 | D:5      | Noticed a two-headed ogre
  5743 | D:5      | Slain by a two-headed ogre

Illustrated notes

Levels and vault maps discovered:
D:1:      denvon_arrival_planthouse, layout_rooms, serial_shops, shop
D:2:      layout_loops_ring, basic_altar
D:3:      layout_loops_ring, gammafunk_temple_overflow_elements,
          ebering_ecumenical_altar_webs
D:4:      layout_basic, uniq_blork_the_orc
D:5:      layout_gridville, nicolae_dithmenos_shadow_blocks,
          chequers_serial_rivers_micro_e, minmay_misc_feat_hallway,
          minmay_hollow_rounded_squares

Skill      XL: |  1  2  3  4  5  6  7 |
---------------+----------------------+-----
Dodging        | 3 4 |  4.3
Ice Magic      | 5 6 |  6.4
Polearms       | 2 3 4 5 |  5.4
Fighting       | 1 2 |  2.8
Spellcasting   | 3 4 |  4.2
Stealth        | |  2.5
Unarmed Combat | |  0.1

Action                   |  1- 3 |  4- 6 |  7- 9 || total
-------------------------+-------+-------+-------++-------
Melee: Unarmed           |     3 |       |       ||     3
       Short sword       |    18 |       |       ||    18
       Spear             |    55 |   102 |    80 ||   237
       Punch             |     1 |     2 |     1 ||     4
 Cast: Freeze            |    21 |    12 |     5 ||    38
       Frozen Ramparts   |       |     4 |     3 ||     7
       Ozocubu's Armour  |       |     4 |     4 ||     8
  Use: Potion            |       |     2 |       ||     2
 Stab: Sleeping          |     2 |     7 |       ||     9
Armor: Robe              |    19 |    22 |    21 ||    62
Dodge: Dodged            |    46 |    58 |    50 ||   154
